 Dungeon Crawl Stone Soup version 0.31.0-12-g77e489cdc1 (webtiles) character file.

Game seed: 7981516835027453976

31189 tezkier the Eclecticist (level 13, -5/78 HPs)
             Began as a Djinni Fire Elementalist on Feb 15, 2024.
             Was a Priest of Makhleb.
             Splashed by a brown ugly thing's acid (8 damage)
             ... on level 15 of the Dungeon on Feb 19, 2024.
             The game lasted 00:59:04 (13917 turns).

tezkier the Eclecticist (Djinni Fire Elementalist) Turns: 13917, Time: 00:59:05

Health: -5/78      AC:  9    Str:  7    XL:     13   Next: 94%
Gold:   984        EV: 20    Int: 21    God:    Makhleb [***...] SH:  0 Dex: 15

rFire   + + .        l - staff of air
rCold   x . .        (no shield)
rNeg    . . .        u - +2 robe {Will+}
rPois   ∞            f - +2 hat
rElec   +            b - +2 cloak
rCorr   .            (no gloves)
SInv    .            (boots unavailable)
Will    +++..        M - amulet of regeneration
Stlth   +++          w - +5 ring of evasion
HPRegen 1.13/turn    t - ring of willpower
MPRegen 0.00/turn

%: infuse magic (-6 HP)
@: flying
A: sickness immunity, fire resistance 2, cold vulnerability 1, float, innate
caster, HP casting, extra vitality 1
a: Renounce Religion, Minor Destruction, Lesser Servant of Makhleb


You were on level 15 of the Dungeon.
You worshipped Makhleb.
Makhleb was most pleased with you.
You visited 1 branch of the dungeon, and saw 15 of its levels.

You collected 984 gold pieces.

Inventory:

Hand Weapons
 d - a +6 short sword
 F - a +0 dagger
Armour
 a - a +1 robe
 b - a +2 cloak (worn)
 f - a +2 hat (worn)
 u - a +2 robe of willpower (worn)
 L - a +2 robe of cold resistance
Magical Staves
 l - a staff of air (weapon)
Jewellery
 m - an amulet of faith
 q - a +4 ring of protection
 t - a ring of willpower (right hand)
 w - a +5 ring of evasion (left hand)
 H - a +5 ring of evasion
 J - a ring of protection from cold
 K - a ring of ice
 M - an amulet of regeneration (around neck)
 P - a ring of resist corrosion
 R - a ring of see invisible
Wands
 k - a wand of iceblast (20)
 x - a wand of polymorph (16)
 C - a wand of digging (3)
Scrolls
 c - 7 scrolls of revelation
 g - 4 scrolls of teleportation
 h - 3 scrolls of vulnerability
 i - a scroll of torment
 j - 3 scrolls of enchant weapon
 n - 3 scrolls of fog
 o - 2 scrolls of enchant armour
 s - a scroll of summoning {unknown}
 v - a scroll of poison {unknown}
 y - a scroll of immolation
 B - a scroll of blinking {unknown}
 E - a scroll of amnesia
 G - a scroll of brand weapon {unknown}
 I - 4 scrolls of fear
 S - 2 scrolls of identify
Potions
 e - a potion of degeneration
 p - 3 potions of mutation
 z - a potion of attraction
 A - a potion of magic
 D - 3 potions of resistance
 N - a potion of brilliance {unknown}
 O - 3 potions of enlightenment
 Q - a potion of cancellation {unknown}
 T - a potion of lignification {unknown}
 U - a potion of curing


   Skills:
 + Level 2.1 Fighting
 + Level 6.6 Dodging
 + Level 5.9 Stealth
 + Level 16.4 Spellcasting
 + Level 16.4 Conjurations
 + Level 16.4 Hexes
 + Level 16.4 Summonings
 + Level 16.4 Necromancy
 + Level 16.4 Translocations
 + Level 16.4 Fire Magic
 + Level 16.4 Ice Magic
 + Level 16.4 Air Magic
 + Level 16.4 Earth Magic
 + Level 16.4 Alchemy
 + Level 2.9 Evocations


You knew the following spells:

 Your Spells              Type           Power      Damage    Failure   Level
a - Foxfire               Conj/Fire      100%       2x1d9     0%          1
b - Scorch                Fire           100%       2d9       0%          2
c - Volatile Blastmotes   Fire/Tloc      100%       2d18      0%          3
d - Inner Flame           Hex/Fire       72%        N/A       0%          3
e - Flame Wave            Conj/Fire      72%        2d16      1%          4
f - Sandblast             Erth           100%       2d20      0%          1
g - Blink                 Tloc           100%       N/A       0%          2
h - Static Discharge      Conj/Air       100%       3-8/arc   0%          2
i - Sigil of Binding      Hex            72%        N/A       0%          3
j - Ignite Poison         Fire/Alch      72%        N/A       1%          4
k - Fireball              Conj/Fire      36%        3d15      1%          5
Your spell library was empty.

Dungeon Overview and Level Annotations

Branches:
Dungeon (15/15)            Temple (0/1) D:7            Lair (0/5) D:8
    Orc (0/2) D:11         Vaults (0/5) D:14         Depths (0/4) D:15

Altars:
Ashenzari
Elyvilon
Fedhas
Makhleb
Okawaru
Wu Jian
Xom
Yredelemnul
Jiyva

Shops:
D:12 ?

Annotations:
D:3 3 runed translucent doors, destino's ghost, amateur OpSh
D:10 3 runed translucent doors, CapUranus's ghost, novice DsFi


Innate Abilities, Weirdness & Mutations

You are immune to sickness and miasma.
You are immune to poison.
Your flesh is very heat resistant. (rF++)
You are vulnerable to cold. (rC-)
You float through the air rather than walking.
You learn spells naturally, not from books.
Your magical power is your life essence.
You have superior vitality. (+4 MHP)


Message History

You feel much better.
The naga sharpshooter spits poison at you.
The splash of poison hits you but does no damage.
You resist.
A brown ugly thing comes into view.
A crystal guardian comes into view.
The fireball explodes!
The fireball engulfs the naga sharpshooter.
The naga sharpshooter resists.
Flame seeps out of the naga sharpshooter.
The naga sharpshooter is lightly wounded.
The brown ugly thing gurgles horribly!
The naga sharpshooter shoots an arrow.
The arrow hits you! The arrow freezes you.
Casting: Blink (safe; 0% risk of failure)
Press: ? - help, Q - select action, (/) - cycle Dir - look around, f - activate You blink.
Found a chain mail.
You are still too unstable to blink.
The naga sharpshooter shoots an arrow.
The arrow barely misses you.
You feel ready to blink again.
The naga sharpshooter casts a spell.
The naga sharpshooter magically shoots an arrow.
The arrow completely misses you.
Found a flail.
The naga sharpshooter spits poison at you.
The splash of poison misses you.
You reach down and open the door. 2 rust devils come into view.
The rust devil screeches!
You hear a shout!
The rust devil screeches!
The naga sharpshooter casts a spell.
The naga sharpshooter magically shoots an arrow.
The arrow hits you!
* * * LOW HITPOINT WARNING * * *
The arrow freezes you!
* * * LOW HITPOINT WARNING * * *
A crystal guardian comes into view.
An ogre mage comes into view. It is wielding a +0 club.
The brown ugly thing bites you.
* * * LOW HITPOINT WARNING * * *
You are splashed with acid!
You die...

..O9> ..(.
#.44#####
#...#.[.#
#...#.≈.#
...#...#
#+#'#...#####
#...@.......#
#...u.....#)
#...........#
#####...#####
...#..N#...#
.....#...#
.#...#.⌠.#
####.##...#####
#...........#


You could see a naga sharpshooter (inner flame, catching breath), a brown ugly
thing, a crystal guardian (wandering), an ogre mage and 2 rust devils.

Vanquished Creatures
  Fannar (D:11)
  A hydra (D:14)
  5 two-headed ogres
  2 boulder beetles (D:14)
  3 tengu warriors (D:14)
  An occultist (D:15)
  2 arcanists (D:15)
  A deep elf pyromancer (D:12)
  3 ugly things
  4 cyclopes
  A salamander (D:15)
  4 manticores
  3 meliai (D:14)
  2 gargoyles
  A cane toad (shapeshifter) (D:15)
  4 kobold demonologists
  A freezing wraith (D:14)
  A yaktaur (shapeshifter) (D:13)
  A troll (shapeshifter) (D:14)
  3 trolls
  A tarantella (shapeshifter) (D:14)
  3 hornets
  A raiju (D:15)
  3 slime creatures (D:13)
  Sigmund (D:4)
  A snapping turtle (shapeshifter) (D:14)
  A shadow (D:11)
  A centaur simulacrum (D:14)
  2 wyverns
  A water elemental (D:11)
  2 air elementals (D:15)
  2 vampires
  6 wraiths
  Eustachio (D:4)
  19 yaks
  5 vampire mosquitoes
  2 steam dragons
  Menkaure (D:6)
  2 acid dragons
  5 water moccasins (D:8)
  6 orc warriors
  A meliai simulacrum (D:15)
  The ghost of Computerfleisch the Chopper, an amateur MiBe of Trog (D:6)
  A black bear (D:8)
  3 boggarts (D:14)
  2 ogres
  3 centaurs
  2 phantoms
  8 kobold brigands
  6 bullfrogs
  A gnoll sergeant (D:8)
  4 scorpions (D:8)
  8 wights
  4 electric eels (D:11)
  A jelly (D:5)
  3 howler monkeys (D:7)
  A crimson imp (D:6)
  A quasit (D:6)
  5 orc priests
  2 hounds
  Terence (D:2)
  3 sleepcaps
  3 iguanas
  9 orc wizards
  7 gnolls
  10 adders
  A shadow imp (D:6)
  7 white imps
  An ufetubus (D:6)
  2 dart slugs
  2 ribbon worms
  54 orcs
  4 endoplasms
  5 giant cockroaches
  4 goblins
  3 hobgoblins
  6 jackals (D:2)
  7 quokkas
  8 ball pythons
  3 bats
  4 frilled lizards
  48 kobolds
  6 rats
365 creatures vanquished.

Vanquished Creatures (collateral kills)
  2 foxfires (D:8)
2 creatures vanquished.

Vanquished Creatures (others)
  829 foxfires
829 creatures vanquished.

Grand Total: 1196 creatures vanquished

Notes
Turn   | Place    | Note
-------+----------+-------------------------------------------
     0 | D:1      | tezkier the Djinni Fire Elementalist began the quest for
                  | the Orb.
     0 | D:1      | tezkier set off with the following spells memorised:
                  | Foxfire, Scorch, Volatile Blastmotes, Inner Flame, Flame
                  | Wave.
     0 | D:1      | Reached XP level 1. HP: 15/15 MP: 0/0
   211 | D:1      | Found a faded altar of an unknown god.
   220 | D:1      | Reached XP level 2. HP: 18/21 MP: 0/0
   526 | D:2      | Noticed Terence
   535 | D:2      | Killed Terence
   536 | D:2      | Reached XP level 3. HP: 12/25 MP: 0/0
   536 | D:2      | Learned a level 1 spell: Sandblast
   758 | D:2      | Reached XP level 4. HP: 30/31 MP: 0/0
  1566 | D:3      | Reached XP level 5. HP: 23/35 MP: 0/0
  1566 | D:3      | Learned a level 2 spell: Blink
  2052 | D:3      | Reached XP level 6. HP: 13/40 MP: 0/0
  2174 | D:3      | Found a runed translucent gate.
  2174 | D:3      | Found a runed translucent gate.
  2174 | D:3      | Found a runed translucent gate.
  2175 | D:3      | Noticed destino's ghost (amateur OpSh)
  2246 | D:4      | Noticed Eustachio
  2250 | D:4      | Killed Eustachio
  2498 | D:4      | Reached XP level 7. HP: 41/45 MP: 0/0
  2498 | D:4      | Learned a level 2 spell: Static Discharge
  2525 | D:4      | Noticed Sigmund
  2529 | D:4      | Killed Sigmund
  2530 | D:4      | Reached skill level 5 in Spellcasting
  2530 | D:4      | Reached skill level 5 in Conjurations
  2530 | D:4      | Reached skill level 5 in Hexes
  2530 | D:4      | Reached skill level 5 in Summonings
  2530 | D:4      | Reached skill level 5 in Necromancy
  2530 | D:4      | Reached skill level 5 in Translocations
  2530 | D:4      | Reached skill level 5 in Fire Magic
  2530 | D:4      | Reached skill level 5 in Ice Magic
  2530 | D:4      | Reached skill level 5 in Air Magic
  2530 | D:4      | Reached skill level 5 in Earth Magic
  2530 | D:4      | Reached skill level 5 in Alchemy
  3034 | D:5      | Entered Level 5 of the Dungeon
  3143 | D:5      | Found a shimmering altar of Xom.
  3279 | D:5      | Reached XP level 8. HP: 47/50 MP: 0/0
  3827 | D:5      | Found a blossoming altar of Fedhas.
  4558 | D:6      | Reached XP level 9. HP: 53/55 MP: 0/0
  4558 | D:6      | Learned a level 3 spell: Sigil of Binding
  4932 | D:6      | Noticed Menkaure
  4936 | D:6      | Killed Menkaure
  5021 | D:6      | Found a runed translucent gate.
  5021 | D:6      | Found a runed translucent gate.
  5021 | D:6      | Found a runed translucent gate.
  5023 | D:6      | Noticed Computerfleisch's ghost (amateur MiBe)
  5509 | D:6      | Killed Computerfleisch's ghost
  5566 | D:7      | Found a staircase to the Ecumenical Temple.
  5576 | D:7      | Found a white marble altar of Elyvilon.
  5941 | D:7      | Found a basalt altar of Yredelemnul.
  6493 | D:8      | Reached skill level 5 in Stealth
  6529 | D:8      | Reached XP level 10. HP: 29/60 MP: 0/0
  6745 | D:8      | Reached skill level 10 in Spellcasting
  6745 | D:8      | Reached skill level 10 in Conjurations
  6745 | D:8      | Reached skill level 10 in Hexes
  6745 | D:8      | Reached skill level 10 in Summonings
  6745 | D:8      | Reached skill level 10 in Necromancy
  6745 | D:8      | Reached skill level 10 in Translocations
  6745 | D:8      | Reached skill level 10 in Fire Magic
  6745 | D:8      | Reached skill level 10 in Ice Magic
  6745 | D:8      | Reached skill level 10 in Air Magic
  6745 | D:8      | Reached skill level 10 in Earth Magic
  6745 | D:8      | Reached skill level 10 in Alchemy
  7180 | D:8      | Noticed a centaur warrior
  7180 | D:8      | Noticed a boulder beetle
  7230 | D:8      | Found a staircase to the Lair.
  7800 | D:9      | Found a broken altar of Ashenzari.
  8261 | D:9      | Reached XP level 11. HP: 48/65 MP: 0/0
  8261 | D:9      | Learned a level 4 spell: Ignite Poison
  8320 | D:9      | Found an ornate altar of the Wu Jian Council.
  8320 | D:9      | Found an iron altar of Okawaru.
  8675 | D:10     | Entered Level 10 of the Dungeon
  8676 | D:10     | Noticed a two-headed ogre
  8682 | D:10     | Killed a two-headed ogre
  8700 | D:10     | Reached skill level 1 in Evocations
  8890 | D:10     | Noticed a two-headed ogre
  8896 | D:10     | Killed a two-headed ogre
  9206 | D:10     | Found a burning altar of Makhleb.
  9221 | D:10     | Became a worshipper of Makhleb the Destroyer
  9414 | D:10     | Found a runed translucent gate.
  9414 | D:10     | Found a runed translucent gate.
  9414 | D:10     | Found a runed translucent gate.
  9418 | D:10     | Noticed CapUranus's ghost (novice DsFi)
  9430 | D:10     | Noticed a great orb of eyes
  9431 | D:10     | Found a viscous altar of Jiyva.
  9775 | D:11     | Noticed Fannar
  9781 | D:11     | Killed Fannar
 10141 | D:11     | Reached XP level 12. HP: 52/70 MP: 0/0
 10443 | D:11     | Reached * piety under Makhleb
 10775 | D:11     | Noticed a two-headed ogre
 10779 | D:11     | Killed a two-headed ogre
 11029 | D:11     | Found a staircase to the Orcish Mines.
 11304 | D:12     | Reached skill level 5 in Dodging
 11463 | D:12     | Noticed a two-headed ogre
 11469 | D:12     | Killed a two-headed ogre
 11540 | D:12     | Found Losyotey's Magic Scroll Shop.
 12120 | D:13     | Noticed a two-headed ogre
 12125 | D:13     | Killed a two-headed ogre
 12126 | D:13     | Reached skill level 15 in Spellcasting
 12126 | D:13     | Reached skill level 15 in Conjurations
 12126 | D:13     | Reached skill level 15 in Hexes
 12126 | D:13     | Reached skill level 15 in Summonings
 12126 | D:13     | Reached skill level 15 in Necromancy
 12126 | D:13     | Reached skill level 15 in Translocations
 12126 | D:13     | Reached skill level 15 in Fire Magic
 12126 | D:13     | Reached skill level 15 in Ice Magic
 12126 | D:13     | Reached skill level 15 in Air Magic
 12126 | D:13     | Reached skill level 15 in Earth Magic
 12126 | D:13     | Reached skill level 15 in Alchemy
 12126 | D:13     | Reached XP level 13. HP: 75/75 MP: 0/0
 12126 | D:13     | Learned a level 5 spell: Fireball
 12256 | D:13     | Reached ** piety under Makhleb
 12812 | D:14     | Noticed a seven-headed hydra
 12817 | D:14     | Killed a seven-headed hydra
 12818 | D:14     | Reached skill level 1 in Fighting
 13109 | D:14     | Found a gate to the Vaults.
 13260 | D:14     | Reached *** piety under Makhleb
 13767 | D:15     | Entered Level 15 of the Dungeon
 13911 | D:15     | Noticed a crystal guardian
 13917 | D:15     | Found a staircase to the Depths.
 13917 | D:15     | Noticed a crystal guardian
 13917 | D:15     | Noticed an ogre mage
 13917 | D:15     | HP: 3/78 [brown ugly thing (2)]
 13917 | D:15     | Splashed by a brown ugly thing's acid

Illustrated notes

Levels and vault maps discovered:
D:1:      psy_arrival_radial02, layout_rooms,
          shapermc_ecumenical_altar_mp_highgroup, hex_tiny
D:2:      layout_loops_ring, uniq_terence
D:3:      layout_rooms, gammafunk_ghost_nasty_kobolds
D:4:      layout_basic, serial_aquarium, aquarium_bridge_long_separate
          [aquarium_subvault_window, aquarium_subvault_wall,
          aquarium_subvault_bridge, aquarium_subvault_window,
          aquarium_subvault_window, aquarium_subvault_bridge],
          aquarium_bridge_square [aquarium_subvault_bridge,
          aquarium_subvault_wall, aquarium_subvault_bridge,
          aquarium_subvault_bridge], aquarium_window_1, aquarium_window_1,
          aquarium_window_fake, aquarium_window_corridor_3, aquarium_view_2c,
          aquarium_pool_split, grunt_decor_fettered, uniq_eustachio,
          uniq_sigmund
D:5:      layout_rooms, mainiacjoe_overflow_alcove_1,
          chequers_temple_overflow_statue_of_worship, gup_sewer_entry_bowl,
          minmay_liquid_box, kennysheep_donut, dreamdust_princess_bridge,
          uniq_crazy_yiuf_cottage
D:6:      layout_loops_corners, serial_demonic, serial_demonic_c,
          serial_demonic_d, serial_demonic_d, serial_demonic_a,
          serial_demonic_a, serial_demonic_b, ebering_ghost_rock_garden,
          minmay_fire_ice_demons, uniq_menkaure
D:7:      layout_basic, elyvilon_altar_3, yredelemnul_altar_generic,
          minmay_temple_entry_trees
D:8:      layout_basic, due_lair_maze_entry_diamond, lightli_corner_chamber
D:9:      layout_basic, grunt_temple_overflow_open, jmf_multi_god_temple
D:10:     layout_loops_ring, mainiacjoe_overflow_tiny_flanked,
          gammafunk_ghost_ooze, minmay_hedge_maze
D:11:     layout_basic, hiddenorc1_lemuel, minmay_joined_circles, uniq_fannar
D:12:     layout_irregular_city, serial_shops, shop
D:13:     layout_loops_ring
D:14:     layout_gridville, david_vaults_2, infiniplex_staircase_star
D:15:     hangedman_crystal_crosses_colossus [crystal_crosses_arms_four,
          crystal_crosses_arms_four, crystal_crosses_arms_one]

Skill      XL: |  1  2  3  4  5  6  7  8  9 10 11 12 13 |
---------------+----------------------------------------+-----
Stealth        | 2 3 4 5 |  5.9
Dodging        | 3 4 5 6 |  6.6
Spellcasting   | 4 5 7 9 11 13 15 16 | 16.4
Conjurations   | 4 5 7 9 11 13 15 16 | 16.4
Hexes          | 4 5 7 9 11 13 15 16 | 16.4
Summonings     | 4 5 7 9 11 13 15 16 | 16.4
Necromancy     | 4 5 7 9 11 13 15 16 | 16.4
Translocations | 4 5 7 9 11 13 15 16 | 16.4
Fire Magic     | 4 5 7 9 11 13 15 16 | 16.4
Ice Magic      | 4 5 7 9 11 13 15 16 | 16.4
Air Magic      | 4 5 7 9 11 13 15 16 | 16.4
Earth Magic    | 4 5 7 9 11 13 15 16 | 16.4
Alchemy        | 4 5 7 9 11 13 15 16 | 16.4
Evocations     | 2 |  2.9
Fighting       | 2 |  2.1

Action                     |  1- 3 |  4- 6 |  7- 9 | 10-12 | 13-15 || total
---------------------------+-------+-------+-------+-------+-------++-------
   Cast: Foxfire           |    39 |    75 |   135 |   182 |    77 ||   508
         Scorch            |     5 |    38 |    33 |   148 |    48 ||   272
         Inner Flame       |       |     1 |    57 |    83 |    29 ||   170
         Sandblast         |       |       |     3 |       |     7 ||    10
         Volatile Blastmot |       |       |       |     2 |       ||     2
         Fireball          |       |       |       |       |    42 ||    42
         Static Discharge  |       |       |       |       |     4 ||     4
         Flame Wave        |       |       |       |       |     3 ||     3
         Blink             |       |       |       |       |     1 ||     1
  Evoke: Wand              |       |       |       |     6 |       ||     6
    Use: Scroll            |       |       |     8 |    10 |       ||    18
         Potion            |       |       |     2 |     5 |     8 ||    15
 Armour: Robe              |     1 |     6 |       |    33 |    44 ||    84
  Dodge: Dodged            |     1 |    17 |     5 |    28 |    27 ||    78
